AoeStats
← Rios

Arabia

503294140Analyzed
1v1 RM · 1mo ago on Aug 31, 2026· 31m 40s· 2 players
Game mode
Random Map
Map size
Tiny (2 player)
Population
200
Speed
Normal
Resources
Standard
Victory
Conquest
Starting age
Dark Age
Ending age
Imperial Age
RankedLock teamsTeams togetherTeam positionsShared explorationLock speedFull tech treeHidden civsTurbo modeCheats
Victory
Defeat
🇵🇪 Malians · Peru
824
+17
🇺🇸 Mongols · United States
850
-17
Rios
3:40 Loom
11:03 Feudal Age
11:51 Double-Bit Axe
13:56 Wheelbarrow
14:16 Town Watch
14:54 Forging
16:05 Bloodlines
16:30 Horse Collar
22:02 Castle Age
20:48 Gold Mining
20:54 Stone Mining
21:55 Padded Archer Armor
22:23 Fletching
23:29 Bow Saw
23:34 Town Patrol
23:34 Elite Skirmisher
25:06 Gold Shaft Mining
26:08 Leather Archer Armor
26:34 Hand Cart
27:48 Stone Shaft Mining
29:17 Thumb Ring
30:38 Bodkin Arrow
Rico Suave
1:33 Loom
10:58 Feudal Age
11:58 Double-Bit Axe
20:38 Castle Age
18:44 Gold Mining
21:36 Bow Saw
21:35 Padded Archer Armor
21:25 Fletching
21:57 Horse Collar
25:21 Stone Mining
26:34 Pikeman
Connection lost

Rejoining the realm…

Still unreachable

The connection could not be restored.

Session expired

The server has moved on; the page needs a fresh start.